 Dungeon Crawl Stone Soup version 0.19.1 (webtiles) character file.

132990 Kit the Peltast (level 16, 0/152 HPs)
             Began as a Minotaur Fighter on Nov 30, 2016.
             Was the Champion of Makhleb.
             Slain by an entropy weaver (12 damage)
             ... on level 2 of the Spider Nest on Dec 1, 2016.
             The game lasted 02:12:40 (30785 turns).

Kit the Peltast (Minotaur Fighter)                 Turns: 30785, Time: 02:12:41

Health: 0/152      AC:  1    Str: 30    XL:     16   Next: 58%
Magic:  7/7        EV: 19    Int:  8    God:    Makhleb [******]
Gold:   1023       SH: 15    Dex: 11    Spells: 0 memorised, 15 levels left

rFire  + . .     SeeInvis .     y - +5 demon whip "Spellbinder" {antimagic, MR+}
rCold  + + .     Gourm    .     F - +2 ring mail {rPois}
rNeg   . . .     Faith    .     c - +0 shield
rPois  +         Spirit   .     J - +1 hat {Int+3}
rElec  +         Reflect  .     e - +1 cloak {rC+}
rCorr  +         Harm     .     M - +1 pair of gloves {Str+3}
MR     +++..                    (no boots)
Stlth  +.........               C - amulet of rage
                                R - +4 ring of evasion
                                L - ring of protection from magic

@: exhausted, resistant, corroded, slowed, drained, very slow
A: retaliatory headbutt, horns 2, blink, evolution 1
a: Blink, Minor Destruction, Lesser Servant of Makhleb, Major Destruction,
Greater Servant of Makhleb, Renounce Religion, Evoke Berserk Rage


You were on level 2 of the Spider Nest.
You worshipped Makhleb.
Makhleb was exalted by your worship.
You were not hungry.

You visited 6 branches of the dungeon, and saw 27 of its levels.
You also visited: Sewer and Ice Cave.

You collected 2384 gold pieces.
You spent 1361 gold pieces at shops.

Inventory:

Hand Weapons
 y - the +5 demon whip "Spellbinder" (weapon) {antimagic, MR+}
   (You found it on level 11 of the Dungeon)

   It reduces the magical energy of the wielder, and disrupts the spells and
   magical abilities of those hit.
   Natural abilities and divine invocations are not affected.
   It affects your resistance to hostile enchantments.
 U - the +10 mace of the Abyss {crush, rElec MR+ Dex+3}
   (You bought it in a shop on level 2 of the Orcish Mines)

   It inflicts extra damage upon your enemies.
   It affects your dexterity (+3).
   It insulates you from electricity.
   It affects your resistance to hostile enchantments.
Armour
 c - a +0 shield (worn)
 e - a +1 cloak of cold resistance (worn)
 F - a +2 ring mail of poison resistance (worn)
 J - a +1 hat of intelligence (worn)
 M - a +1 pair of gloves of strength (worn)
 Z - a +2 cloak
Jewellery
 a - an uncursed ring of see invisible
 B - an uncursed ring of positive energy
 C - an amulet of rage (around neck)
 L - a ring of protection from magic (left hand)
 R - a +4 ring of evasion (right hand)
Wands
 d - a wand of paralysis (6/24)
 x - a wand of flame (20/48)
 A - a wand of paralysis (11/24)
 D - a wand of confusion (46/48)
 G - a wand of flame (28/48)
 P - a wand of lightning (1/15)
 Q - a wand of digging (14/24)
 V - a wand of random effects (12/48)
 X - a wand of slowing (23/48)
Scrolls
 b - 2 scrolls of enchant armour
 i - 8 scrolls of remove curse
 k - 6 scrolls of amnesia
 m - 4 scrolls of teleportation
 n - a scroll of fog
 p - 8 scrolls of magic mapping
 r - 5 scrolls of fear
 s - 4 scrolls of blinking
 H - 7 scrolls of identify
 N - 2 scrolls of enchant weapon
 S - a scroll of silence {unknown}
Potions
 h - 4 potions of haste
 j - a potion of brilliance
 q - 2 potions of agility
 u - 2 potions of cancellation {unknown}
 w - 4 potions of curing
 z - 3 potions of flight
 O - a potion of cure mutation
 T - 2 potions of might
 Y - a potion of resistance
Books
 t - a book of Battle

   Spells                             Type                      Level
   a - Infusion                       Charms                       1
   b - Shroud of Golubria             Charms/Translocation         2
   c - Song of Slaying                Charms                       2
   d - Spectral Weapon                Hexes/Charms                 3
   e - Regeneration                   Charms/Necromancy            3
Comestibles
 f - 10 bread rations
 g - 9 beef jerkies
 l - 11 royal jellies
 o - 3 slices of pizza
 I - 18 fruits
 K - 2 meat rations
 W - 3 chunks of flesh


   Skills:
 + Level 16.3(16.0) Fighting
   Level 13.1(14.4) Axes
 * Level 11.7(13.8) Maces & Flails
 + Level 16.2(15.9) Armour
 + Level 8.2(7.9) Dodging
 + Level 16.6(16.3) Shields
 - Level 8.7(8.5) Invocations


You had 15 spell levels left.
You didn't know any spells.

Dungeon Overview and Level Annotations

Branches:
Dungeon (15/15)            Temple (1/1) D:4            Lair (6/6) D:10
 Shoals (1/4) Lair:4       Spider (2/4) Lair:2        Slime (0/5) Lair:5
    Orc (2/2) D:11            Elf (0/3) Orc:2        Vaults (0/5) D:13
 Depths (0/5) D:15

Altars:
Ashenzari
Cheibriados
Dithmenos
Elyvilon
Fedhas
Gozag
Hepliaklqana
Kikubaaqudgha
Makhleb
Nemelex Xobeh
Okawaru
Qazlal
Ru
Sif Muna
Trog
Uskayaw
Xom
Zin
Beogh
Jiyva

Shops:
D:6 %   D:12 [   D:14 %   Orc:2 ([?!   Shoals:1 :

Annotations:
Shoals:1 exclusion: Roxanne, Roxanne


Innate Abilities, Weirdness & Mutations

You reflexively headbutt those who attack you in melee.
You have a pair of horns on your head.
You can translocate small distances at will.
You evolve.


Message History

The entropic weave corrodes you! The entropy weaver hits you!
You block the entropy weaver's attack.
The entropy weaver completely misses you.
The entropy weaver closely misses you.
A demon appears!
You block the entropy weaver's attack. The entropy weaver closely misses you.
The entropy weaver hits you!
* * * LOW HITPOINT WARNING * * *
The entropy weaver hits you!
* * * LOW HITPOINT WARNING * * *
The entropy weaver mumbles some strange words.
You feel better. The entropy weaver hits you!
* * * LOW HITPOINT WARNING * * *
The entropy weaver hits you!
* * * LOW HITPOINT WARNING * * *
The entropy weaver completely misses you.
The entropy weaver closely misses you.
Your neqoxec hits the entropy weaver. The entropy weaver hits you.
* * * LOW HITPOINT WARNING * * *
The entropy weaver hits you!
You die...

...#.. #..#..
#....^ ## # #...###
##.## #.
#..^<#####)...#
#..##....##.#....#
#....#..##.......#
....#...^##†.###..#
... #...##@a..#
##..#.......3.#
#..^.........#
.....###.........#
#.... ####^##..##
#.... ### ..# #..#
### ...


You could see an entropy weaver and a friendly neqoxec.

Vanquished Creatures
  A shadow dragon (Spider:1)
  2 frost giants
  2 emperor scorpions (Spider:1)
  2 entropy weavers (Spider:1)
  An ettin (Orc:1)
  5 hydras
  4 ogre magi (Orc:2)
  3 catoblepae (Lair:6)
  4 centaur warriors
  A death knight (D:15)
  2 dancing weapons (D:13)
  A merfolk avatar (Shoals:1)
  15 death yaks
  An orc high priest (Orc:1)
  3 tengu warriors (D:15)
  2 skeletal warriors (D:15)
  5 unseen horrors
  A flayed ghost (D:10)
  An orange crystal statue (D:11)
  6 hill giants
  3 harpies (Shoals:1)
  5 wolf spiders
  3 orc knights
  2 manticores
  14 ugly things (D:15)
  5 orb spiders (Spider:1)
  3 deep elf magi
  A wolf spider zombie (D:14)
  An orc sorcerer (Orc:2)
  3 cyclopes
  14 elephants
  A centaur zombie (D:14)
  An ice statue (IceCv)
  7 black mambas
  11 spiny frogs
  A torpor snail (Lair:4)
  A yaktaur (D:15)
  5 centaur skeletons
  An efreet (D:13)
  2 rime drakes
  4 gargoyles
  2 freezing wraiths (D:15)
  2 demonic crawlers (Spider:1)
  2 kobold demonologists
  11 komodo dragons
  9 trolls
  17 polar bears
  5 jumping spiders
  3 hornets (D:9)
  A harpy zombie (D:14)
  15 two-headed ogres (Orc:2)
  Grinder (D:4)
  A dream sheep (Lair:4)
  3 slime creatures (D:12)
  11 hippogriffs
  3 snapping turtles (Shoals:1)
  12 blink frogs
  Sigmund (D:2)
  24 redbacks
  A spriggan (shapeshifter) (D:14)
  8 tarantellas
  2 wraiths
  7 wyverns
  3 fire bats (Lair:3)
  2 shadows
  A hungry ghost (D:15)
  A vampire (D:15)
  2 basilisks
  62 yaks
  2 hogs (Spider:1)
  4 wargs
  3 vampire mosquitoes (D:12)
  2 fire elementals (Lair:3)
  6 swamp worms (D:12)
  2 mottled dragons
  9 water moccasins
  A swamp drake (Orc:1)
  Duvessa (D:5)
  11 porcupines
  7 ice beasts
  13 orc warriors
  8 sky beasts
  An eye of draining (D:9)
  4 black bears
  2 necrophages
  4 phantoms
  35 ogres
  20 centaurs
  34 wolves
  19 big kobolds
  11 crocodiles
  Blork the orc (D:5)
  18 bullfrogs
  Dowan (D:5)
  6 scorpions
  5 howler monkeys
  2 electric eels
  14 crimson imps
  A quasit (D:9)
  2 bullfrog skeletons
  7 hounds
  An iron imp (Orc:1)
  8 jellies
  9 orc priests
  16 orc wizards
  A gnoll shaman (D:10)
  3 iguanas
  15 hell rats
  9 worker ants
  A killer bee zombie (D:6)
  A hound zombie (D:6)
  3 worker ant zombies
  4 gnolls (D:10)
  2 howler monkey skeletons
  22 adders
  15 river rats (Lair:5)
  3 shadow imps
  A white imp (Orc:1)
  An ooze (D:4)
  An adder zombie (D:9)
  16 worms
  3 dart slugs
  5 leopard geckos
  59 orcs
  7 giant cockroaches
  4 goblins
  10 hobgoblins
  10 jackals
  26 kobolds
  13 bats
  3 frilled lizards
  2 leopard gecko skeletons
  2 quokka skeletons
  23 rats
  2 fungi
  A plant (Lair:1)
920 creatures vanquished.

Vanquished Creatures (collateral kills)
  Snorg (D:11)
  A hydra (Lair:1)
  A hill giant (D:7)
  2 spiny frogs
  2 dream sheep (Lair:4)
  A wraith (D:11)
  A redback (Spider:1)
  A porcupine (Lair:4)
  A phantom (D:11)
  A scorpion (D:11)
  An orc (D:11)
13 creatures vanquished.

Vanquished Creatures (others)
  A kobold demonologist (D:14)
  A jumping spider (Spider:1)
  A blink frog (Lair:6)
  An orc (Orc:1)
  18 fungi
  10 plants
32 creatures vanquished.

Grand Total: 965 creatures vanquished

Notes
Turn   | Place    | Note
-------+----------+-------------------------------------------
     0 | D:1      | Kit the Minotaur Fighter began the quest for the Orb.
     0 | D:1      | Reached XP level 1. HP: 19/19 MP: 0/0
   257 | D:1      | Reached XP level 2. HP: 26/27 MP: 1/1
   844 | D:2      | Reached XP level 3. HP: 33/33 MP: 2/2
   850 | D:2      | Noticed Sigmund
   858 | D:2      | Killed Sigmund
   858 | D:2      | Reached skill level 5 in Armour
   858 | D:2      | Reached skill level 5 in Shields
   858 | D:2      | Reached XP level 4. HP: 26/41 MP: 3/3
   858 | D:2      | Reached XP level 5. HP: 30/47 MP: 4/4
  1440 | D:3      | Reached XP level 6. HP: 51/55 MP: 5/5
  1464 | D:3      | Noticed a sky beast
  1485 | D:3      | Gained mutation: Scrolls take you a little longer to read. [potion of mutation]
  1485 | D:3      | Gained mutation: Your system is resistant to poisons. (rPois) [potion of mutation]
  1485 | D:3      | Lost mutation: Your system is resistant to poisons. (rPois) [potion of mutation]
  1498 | D:3      | Killed a sky beast
  1498 | D:3      | Reached skill level 5 in Fighting
  1987 | D:3      | Found a glowing drain.
  2005 | Sewer    | Entered a sewer
  2065 | Sewer    | Reached skill level 5 in Axes
  2779 | D:4      | Found a staircase to the Ecumenical Temple.
  2922 | Temple   | Entered the Ecumenical Temple
  3013 | Temple   | Became a worshipper of Makhleb the Destroyer
  3119 | D:4      | Noticed Grinder
  3125 | D:4      | Reached XP level 7. HP: 55/61 MP: 6/6
  3139 | D:4      | Paralysed by Grinder for 2 turns
  3143 | D:4      | Killed Grinder
  3143 | D:4      | Reached skill level 1 in Invocations
  3724 | D:4      | Found a blossoming altar of Fedhas.
  3724 | D:4      | Found a bloodstained altar of Trog.
  3768 | D:5      | Entered Level 5 of the Dungeon
  3768 | D:5      | Noticed Dowan
  3770 | D:5      | Noticed Duvessa
  3786 | D:4      | Reached XP level 8. HP: 31/70 MP: 8/8
  4030 | D:4      | Reached * piety under Makhleb
  4241 | D:5      | Killed Duvessa
  4463 | D:5      | Noticed Blork the orc
  4796 | D:4      | Gained mutation: You possess an exceptional clarity of mind. [potion of beneficial mutation]
  4802 | D:5      | Killed Dowan
  5258 | D:5      | Killed Blork the orc
  5340 | D:6      | Reached XP level 9. HP: 66/77 MP: 10/10
  5367 | D:6      | Found Faycoank's Food Shoppe.
  5397 | D:6      | Found a sparkling altar of Nemelex Xobeh.
  5423 | D:6      | Got a warped robe
  5437 | D:6      | Identified the +2 robe "Veust" {rElec Dex+3 SInv} (You found it on level 6 of the Dungeon)
  5487 | D:6      | Reached ** piety under Makhleb
  5750 | D:6      | Found a sacrificial altar of Ru.
  6598 | D:7      | Reached *** piety under Makhleb
  6729 | D:7      | Reached skill level 5 in Invocations
  7076 | D:7      | Noticed a hill giant
  7093 | D:7      | Killed a hill giant
  7241 | D:8      | Reached XP level 10. HP: 88/88 MP: 12/12
  7944 | D:9      | Gained mutation: You have sharp fingernails. [potion of beneficial mutation]
  7980 | D:9      | Found a shattered altar of Ashenzari.
  8506 | D:9      | Reached **** piety under Makhleb
  8524 | D:9      | Reached skill level 10 in Shields
  8672 | D:9      | Found a snail-covered altar of Cheibriados.
  8739 | D:10     | Entered Level 10 of the Dungeon
  8766 | D:10     | Noticed a hill giant
  8826 | D:10     | Killed a hill giant
  8826 | D:10     | Reached skill level 10 in Armour
  9287 | D:10     | Found a staircase to the Lair.
  9309 | D:10     | Reached XP level 11. HP: 67/97 MP: 15/15
  9312 | D:10     | Reached skill level 10 in Fighting
  9428 | Lair:1   | Entered Level 1 of the Lair of Beasts
 10687 | Lair:1   | Noticed an eight-headed hydra
 10717 | Lair:1   | Killed an eight-headed hydra
 10772 | Lair:1   | Reached skill level 10 in Axes
 11320 | Lair:2   | Found a hole to the Spider Nest.
 12995 | Lair:3   | Got a dazzling chain mail
 13006 | Lair:3   | Identified the cursed +0 chain mail "Taapafas" {MR+} (You found it on level 3 of the Lair of Beasts)
 13144 | Lair:3   | Reached XP level 12. HP: 90/110 MP: 17/17
 13686 | Lair:4   | Found a staircase to the Shoals.
 13931 | Lair:4   | Noticed a seven-headed hydra
 15469 | Lair:5   | Found a viscous altar of Jiyva.
 15469 | Lair:5   | Found a staircase to the Slime Pits.
 15683 | Lair:5   | Got a translucent great sword
 15689 | Lair:5   | Identified the cursed +0 great sword "Mohoi" {freeze, rPois Stlth+} (You found it on level 5 of the Lair of Beasts)
 16064 | Lair:5   | Reached ***** piety under Makhleb
 16262 | Lair:6   | Entered Level 6 of the Lair of Beasts
 16275 | Lair:6   | Noticed a seven-headed hydra
 16360 | Lair:6   | Reached XP level 13. HP: 87/119 MP: 18/18
 17505 | D:11     | Noticed Snorg
 18155 | D:11     | Killed Snorg
 18254 | D:11     | Found a staircase to the Orcish Mines.
 18675 | D:11     | Identified the Almanac of Stones and Enhancements
 19003 | Lair:6   | Reached skill level 1 in Maces & Flails
 19673 | Lair:6   | Reached ****** piety under Makhleb
 20066 | Lair:6   | Reached XP level 14. HP: 130/130 MP: 6/19
 20071 | Lair:6   | Reached skill level 5 in Maces & Flails
 21740 | Lair:6   | Got an ichor-stained broad axe
 21741 | Lair:6   | Identified the +1 broad axe of Juviem {pain, rF- rC+ MP+9} (You found it on level 6 of the Lair of Beasts)
 22182 | Orc:1    | Entered Level 1 of the Orcish Mines
 22457 | Orc:1    | Reached skill level 1 in Dodging
 22793 | Orc:2    | Entered Level 2 of the Orcish Mines
 22928 | Orc:2    | Found a staircase to the Elven Halls.
 23122 | Orc:2    | Reached skill level 15 in Shields
 23357 | Orc:2    | Found a roughly hewn altar of Beogh.
 23430 | Orc:2    | Found Larimp's Distillery.
 23430 | Orc:2    | Found Umoff's Armour Shoppe.
 23431 | Orc:2    | Found Ybaty's Magic Scroll Shoppe.
 23431 | Orc:2    | Found Acith's Weapon Shop.
 23442 | Orc:2    | Bought a potion of heal wounds for 70 gold pieces
 23443 | Orc:2    | Bought a scroll of identify for 32 gold pieces
 23444 | Orc:2    | Bought a +1 pair of gloves of strength for 214 gold pieces
 23450 | Orc:2    | Bought the +10 mace of the Abyss {crush, rElec MR+ Dex+3} for 1045 gold pieces
 23905 | Spider:1 | Entered Level 1 of the Spider Nest
 23921 | Spider:1 | Noticed an emperor scorpion
 23930 | Spider:1 | Noticed Kirke
 23973 | Spider:1 | Reached skill level 15 in Armour
 24007 | Spider:1 | Reached XP level 15. HP: 135/139 MP: 20/20
 24032 | Spider:1 | Identified a scroll of acquirement
 24117 | Spider:1 | Reached skill level 15 in Fighting
 24293 | Spider:1 | Reached skill level 5 in Dodging
 24484 | D:12     | Found Yweducue's Antique Armour Boutique.
 25749 | D:13     | Found a gate to the Vaults.
 25856 | D:13     | Found a frozen archway.
 25903 | IceCv    | Entered an ice cave
 26020 | IceCv    | Lost mutation: Scrolls take you a little longer to read. [potion of cure mutation]
 26020 | IceCv    | Lost mutation: You possess an exceptional clarity of mind. [potion of cure mutation]
 26020 | IceCv    | Lost mutation: You have sharp fingernails. [potion of cure mutation]
 26024 | IceCv    | Gained mutation: You evolve. [potion of beneficial mutation]
 26115 | IceCv    | Noticed a frost giant
 26134 | IceCv    | Killed a frost giant
 27866 | D:14     | Found Jari Rang's Food Boutique.
 28077 | D:15     | Entered Level 15 of the Dungeon
 28282 | D:15     | Reached skill level 10 in Maces & Flails
 28301 | D:15     | Reached XP level 16. HP: 107/151 MP: 7/21
 29154 | D:15     | Found a staircase to the Depths.
 29435 | D:15     | Gained mutation: You can translocate small distances at will. [evolution]
 29756 | Shoals:1 | Entered Level 1 of the Shoals
 29951 | Shoals:1 | Found Beol's Book Boutique.
 29952 | Shoals:1 | Noticed Roxanne
 30366 | Spider:1 | Noticed Kirke
 30366 | Spider:1 | Kirke changed into Kirke the shadow dragon
 30383 | Spider:1 | Killed Kirke the shadow dragon
 30785 | Spider:2 | Slain by an entropy weaver

Skill      XL: |  1  2  3  4  5  6  7  8  9 10 11 12 13 14 15 16 |
---------------+-------------------------------------------------+-----
Shields        | 4 5 6 7 9 10 11 12 14 15 16 | 16.6
Armour         | 4 5 6 7 8 10 11 12 13 15 16 | 16.2
Axes           | 3 4 5 7 8 9 10 12 13 | 13.1
Fighting       | 4 5 6 7 8 9 11 12 13 14 15 16 | 16.3
Invocations    | 2 3 5 6 8 |  8.7
Maces & Flails | 4 6 10 11 | 11.7
Dodging        | 4 6 8 |  8.2

Action                   |  1- 3 |  4- 6 |  7- 9 | 10-12 | 13-15 | 16-18 || total
-------------------------+-------+-------+-------+-------+-------+-------++-------
Melee: War axe           |    56 |   125 |   305 |   431 |       |       ||   917
       Headbutt          |    10 |    26 |    56 |   199 |   494 |   128 ||   913
       Hand axe          |       |       |       |   512 |   514 |       ||  1026
       Demon whip        |       |       |       |       |   991 |   409 ||  1400
       Mace              |       |       |       |       |   285 |       ||   285
 Fire: Blowgun           |       |       |     3 |       |       |       ||     3
Invok: Lesser Servant of |       |       |     2 |     9 |     5 |     3 ||    19
 Abil: Evoke Berserk Rag |       |       |       |     1 |     7 |       ||     8
Evoke: Wand              |       |       |       |     3 |     1 |       ||     4
  Use: Potion            |       |     2 |     5 |     4 |     8 |     7 ||    26
       Scroll            |       |     1 |     8 |    18 |     9 |     1 ||    37
 Stab: Distracted        |       |       |       |       |     1 |     2 ||     3
       Confused          |       |       |       |       |       |     1 ||     1
  Eat: Chunk             |       |     5 |    13 |    29 |    42 |     7 ||    96
       Pizza             |       |     1 |       |       |     1 |       ||     2
       Fruit             |       |       |       |     2 |     4 |     2 ||     8
Armor: Scale mail        |    35 |    62 |    26 |       |       |       ||   123
       Ring mail         |       |       |    72 |   258 |   388 |    82 ||   800
Dodge: Dodged            |    16 |    32 |    95 |   276 |   621 |   166 ||  1206
Block: Shield            |    34 |    55 |   177 |   551 |   996 |   235 ||  2048
